 Dungeon Crawl Stone Soup version 0.19-a0-49-gb8736b8 (webtiles) character file.

466 M4edhros the Cleaver (level 6, -1/51 HPs)
             Began as a Minotaur Berserker on May 6, 2016.
             Was a Believer of Trog.
             Slain by a hound (3 damage)
             ... on level 5 of the Dungeon.
             The game lasted 00:03:35 (612 turns).

M4edhros the Cleaver (Minotaur Berserker)            Turns: 612, Time: 00:03:36

Health: -1/51      AC:  2    Str: 21 (22) XL:     6   Next: 81%
Magic:  5/5        EV: 12    Int:  3 (4)  God:    Trog [**....]
Gold:   90         SH:  0    Dex: 11      Spells: 0 memorised, 5 levels left

rFire  . . .     SeeInvis .     u - +0 battleaxe
rCold  . . .     Gourm    .     b - +0 animal skin
rNeg   . . .     Faith    .     (shield currently unavailable)
rPois  .         Spirit   .     (helmet restricted)
rElec  .         Dismiss  .     (no cloak)
rCorr  .         Reflect  .     (no gloves)
SustAt .         Harm     .     (no boots)
MR     ++...     Rnd*Tele +     (no amulet)
Stlth  +.........               (no ring)
                                o - ring of teleportation (curse)

@: regenerating, very resistant to hostile enchantments, very unstealthy
A: retaliatory headbutt, horns 2
a: Berserk, Trog's Hand, Burn Spellbooks, Renounce Religion


You were on level 5 of the Dungeon.
You worshipped Trog.
Trog was pleased with you.
You were hungry.

You visited 1 branch of the dungeon, and saw 5 of its levels.

You collected 90 gold pieces.

Inventory:

Hand Weapons
 a - a +0 hand axe
 u - a +0 battleaxe (weapon)
Armour
 b - a +0 animal skin (worn)
Jewellery
 o - a cursed ring of teleportation (left hand)
 s - an uncursed ring of ice {unknown}
Scrolls
 d - 5 scrolls of identify {unknown}
 e - a scroll of blinking {unknown}
 g - a scroll of magic mapping {unknown}
 k - a scroll of remove curse {unknown}
 n - a scroll of noise {unknown}
 t - a scroll of enchant armour {unknown}
Potions
 h - a potion of flight
 i - 2 potions of degeneration
Comestibles
 c - 6 bread rations
 f - a beef jerky
 j - a slice of pizza
 l - a chunk of flesh
 m - 2 meat rations


   Skills:
 - Level 3.6 Fighting
 + Level 9.3 Axes
 - Level 2.4 Armour
 - Level 2.1 Dodging


You had 5 spell levels left.
You didn't know any spells.

Dungeon Overview and Level Annotations

Branches:
Dungeon (5/15)
 Temple: D:4-7

Altars:
Elyvilon
Fedhas
Kikubaaqudgha
Nemelex Xobeh


Innate Abilities, Weirdness & Mutations

You reflexively headbutt those who attack you in melee.
You have a pair of horns on your head.


Message History

* * * LOW HITPOINT WARNING * * *
The hound bites you but does no damage.
You barely miss the hound. The hound closely misses you. The hound bites you.
* * * LOW HITPOINT WARNING * * *
You closely miss the hound. The hound barely misses you. x2
You slash the hound! Your headbutt misses the hound.
The hound is severely wounded.
The hound barely misses you. The hound bites you.
* * * LOW HITPOINT WARNING * * *
You closely miss the hound. Your headbutt misses the hound.
The hound is severely wounded.
The hound bites you.
* * * LOW HITPOINT WARNING * * *
The hound closely misses you.
You closely miss the hound.
The hound is severely wounded.
The hound bites you.
* * * LOW HITPOINT WARNING * * *
The hound bites you.
You die...

#### ##...## #
###.....#.##
......h@...#
.............#
##.........#.#
##.......##
##......!
##.###### #.
#.


You could see a hound.

Vanquished Creatures
  A water moccasin (D:5)
  An ogre (D:5)
  Blork the orc (D:5)
  A crimson imp (D:5)
  4 orc wizards (D:4)
  2 adders (D:2)
  An ooze (D:2)
  A dart slug (D:1)
  A giant gecko (D:5)
  4 orcs
  3 giant cockroaches
  5 goblins
  A hobgoblin (D:2)
  3 jackals (D:2)
  2 quokkas
  A bat (D:2)
  A jackal skeleton (D:4)
  5 kobolds
  5 rats
43 creatures vanquished.

Notes
Turn   | Place    | Note
--------------------------------------------------------------
     0 | D:1      | M4edhros the Minotaur Berserker began the quest for the Orb.
     0 | D:1      | Reached XP level 1. HP: 19/19 MP: 0/0
    50 | D:1      | Found a sparkling altar of Nemelex Xobeh.
    69 | D:1      | Reached skill level 4 in Axes
   201 | D:2      | Reached XP level 2. HP: 24/26 MP: 1/1
   253 | D:2      | Reached skill level 5 in Axes
   272 | D:2      | Reached XP level 3. HP: 20/31 MP: 2/2
   295 | D:2      | Reached ** piety under Trog
   372 | D:3      | Found a blossoming altar of Fedhas.
   401 | D:4      | Found a white marble altar of Elyvilon.
   406 | D:4      | Reached skill level 6 in Axes
   406 | D:4      | Reached XP level 4. HP: 9/39 MP: 3/3
   464 | D:4      | Reached XP level 5. HP: 24/45 MP: 4/4
   465 | D:4      | Reached skill level 7 in Axes
   500 | D:5      | Entered Level 5 of the Dungeon
   527 | D:5      | Found an ancient bone altar of Kikubaaqudgha.
   530 | D:5      | Noticed Blork the orc
   535 | D:5      | Killed Blork the orc
   547 | D:5      | Noticed a water moccasin
   556 | D:5      | Reached skill level 8 in Axes
   556 | D:5      | Reached XP level 6. HP: 23/51 MP: 5/5
   558 | D:5      | Killed a water moccasin
   587 | D:5      | Reached skill level 9 in Axes
   612 | D:5      | HP: 2/51 [hound (4)]
   612 | D:5      | Slain by a hound

Vault maps used:
D:1:      roderic_crop_circles_arrival_small, nemelex_xobeh_ov_fountains_minmay
D:3:      nicolae_overflow_crystal_walls, minmay_misc_feat_ornament
D:4:      first_bread, abandoned_shop, elyvilon_altar_5
D:5:      lemuel_round_altar, uniq_blork_the_orc

Skill      XL: |  1  2  3  4  5  6 |
---------------+-------------------+-----
Axes           | 4 5 6 8 9 |  9.3
Fighting       | |  3.6
Armour         | |  2.4
Dodging        | |  2.1

Action                   |  1- 3 |  4- 6 || total
-------------------------+-------+-------++-------
Melee: Hand axe          |    54 |    15 ||    69
       Headbutt          |     9 |     7 ||    16
       Battleaxe         |       |    16 ||    16
Invok: Berserk           |     3 |     2 ||     5
       Trog's Hand       |       |     2 ||     2
  Use: Potion            |       |     7 ||     7
 Stab: Sleeping          |     1 |       ||     1
  Eat: Chunk             |     1 |     3 ||     4
Armor: Animal skin       |     4 |     3 ||     7
       Skin              |       |     2 ||     2
Dodge: Dodged            |    31 |    27 ||    58
